Senateurs vs Blackhawks
Created - May 5, 2017 at 19:03
Goals
|
| Senateurs |
0 |
2 |
0 |
2 |
| Blackhawks |
2 |
1 |
1 |
4 |
|
Shots
|
| Senateurs |
15 |
10 |
10 |
35 |
| Blackhawks |
7 |
16 |
14 |
37 |
|
1st period
1. Blackhawks , Antoine Roussel 26 (Patrick Kane 57, Derick Brassard 60) at 11:55
2. Blackhawks , Patrick Kane 53 (Ian White 27, Joni Pitkanen 36) at 19:38
Penalties :
B.J. Crombeen (Ott) for Hooking (Minor) at 0:39
2nd period
3. Blackhawks , Ryan Hollweg 14 (Jason Pominville 37, Joni Pitkanen 37) at 11:31
4. Senateurs , Milan Hejduk 7 (Brandon Dubinsky 9) at 18:21
5. Senateurs , Mike Fisher 13 (Darcy Hordichuk 15) at 19:22
Penalties :
Joni Pitkanen (Chi) for Holding (Minor) at 12:13
3rd period
6. Blackhawks , Patrick Kane 54 (Antoine Roussel 40, Derick Brassard 61) at 18:21 (PP)
Penalties :
Gilbert Brule (Ott) for Roughing (Minor) at 4:47, Brad Richards (Ott) for Hooking (Minor) at 9:28, Ryan Hollweg (Chi) for Holding (Minor) at 15:52, Ryan Bayda (Ott) for High sticking (Minor) at 18:09
Goalie Stats
Maxime Daigneault (Ott), 33 saves from 37 shots - (0.892), L, 9-14-3, 60:00 minutes
Jimmy Howard (Chi), 33 saves from 35 shots - (0.943), W, 37-21-5, 60:00 minutes
Players Stats for Senateurs
Player Name G A P +/- PIM S H SB GA TA FO MP PP MP PK MP
------------------------------------------------------------------------------------
B.J. Crombeen 0 0 0 0 2 0 0 0 0 0 0/0 15:55 1:04 0:00
Brad Richards 0 0 0 0 2 3 3 0 0 1 8/17 19:44 1:09 2:20
Brandon Dubinsky 0 1 1 1 0 0 0 0 0 0 3/8 13:33 0:00 1:15
Brenden Morrow 0 0 0 0 0 5 1 1 1 1 0/0 19:32 1:06 2:10
Carlo Colaiacovo 0 0 0 -2 0 1 0 1 0 0 0/0 18:17 1:24 2:26
Dan Girardi 0 0 0 0 0 1 0 0 1 0 0/0 14:14 0:00 0:02
Dan Hamhuis 0 0 0 1 0 1 1 0 1 0 0/0 27:29 2:34 3:41
Darcy Hordichuk 0 1 1 0 0 0 1 0 0 0 0/0 7:51 0:34 0:23
George Parros 0 0 0 0 0 1 1 0 0 0 3/5 9:06 0:26 1:53
Gilbert Brule 0 0 0 -2 2 3 2 0 3 1 12/29 19:12 2:23 0:41
Johan Franzen 0 0 0 -2 0 5 4 1 0 1 0/0 18:25 2:23 0:00
Kurtis Foster 0 0 0 1 0 1 2 4 1 1 0/0 27:29 2:34 3:41
Mike Fisher 1 0 1 0 0 1 1 0 0 1 2/4 6:15 0:00 0:00
Milan Hejduk 1 0 1 1 0 2 0 1 1 0 0/0 11:33 0:26 0:00
Richard Jackman 0 0 0 0 0 0 0 1 0 1 0/0 14:14 0:00 0:02
Ryan Bayda 0 0 0 1 2 2 2 0 0 0 0/0 10:40 0:00 0:00
Thomas Vanek 0 0 0 -2 0 4 3 0 0 0 2/3 22:01 2:23 3:36
Vitaly Vishnevsky 0 0 0 -2 0 5 1 0 0 0 0/0 18:17 1:24 2:26
Players Stats for Blackhawks
Player Name G A P +/- PIM S H SB GA TA FO MP PP MP PK MP
------------------------------------------------------------------------------------
Antoine Roussel 1 1 2 2 0 2 1 1 0 0 0/0 22:10 3:32 0:00
Carson Mcmillan 0 0 0 0 0 0 0 0 0 0 0/0 6:24 0:00 0:00
Chad Larose 0 0 0 -1 0 0 1 0 0 0 1/1 11:08 0:01 0:00
Dave Tanabe 0 0 0 -1 0 0 0 4 0 1 0/0 11:36 0:00 0:19
Denis Grebeshkov 0 0 0 1 0 0 2 1 1 1 0/0 20:21 2:33 2:11
Derick Brassard 0 2 2 2 0 3 3 1 0 0 18/30 24:30 3:33 2:13
Ian White 0 1 1 1 0 2 2 1 0 1 0/0 28:46 3:36 1:47
Jason Pominville 0 1 1 0 0 5 1 1 0 0 0/2 16:59 2:36 0:49
Jonathan Toews 0 0 0 0 0 4 1 0 1 0 10/20 17:23 2:36 1:13
Joni Pitkanen 0 2 2 1 2 3 0 1 1 5 0/0 27:23 3:36 0:40
Kurt Sauer 0 0 0 1 0 0 1 0 0 0 0/0 20:21 2:33 2:11
Kyle Brodziak 0 0 0 0 0 0 0 0 0 0 1/2 6:24 0:00 0:00
Oleg Saprykin 0 0 0 0 0 0 0 0 0 0 1/1 7:10 0:00 0:31
Patrick Kane 2 1 3 2 0 11 1 0 0 0 2/6 24:38 3:33 2:20
Peter Regin 0 0 0 -1 0 1 2 1 0 0 3/4 11:55 0:00 0:50
Ryan Hollweg 1 0 1 0 2 5 1 0 1 0 0/0 16:15 2:36 0:00
Ryan O'Byrne 0 0 0 -1 0 0 1 0 0 0 0/0 11:41 0:00 0:48
Tomas Fleischmann 0 0 0 -1 0 1 3 0 3 0 0/0 10:56 0:00 0:00
3 Stars
1 - Patrick Kane (Chi)
2 - Antoine Roussel (Chi)
3 - Derick Brassard (Chi)
Power Play
Senateurs - 0 on 2 Attempt(s) - 0.00%
Blackhawks - 1 on 4 Attempt(s) - 25.00%
Penalty Kill
Senateurs - 3 on 4 Attempt(s) - 75.00%
- Score 0 goal in Penalty Kill
Blackhawks - 2 on 2 Attempt(s) - 100.00%
- Score 0 goal in Penalty Kill
Team Stat
Senateurs - Hits : 22 - Faceoff Wins : 30 - Blocked Shots : 9 - Penalty Minutes : 8
Blackhawks - Hits : 20 - Faceoff Wins : 36 - Blocked Shots : 11 - Penalty Minutes : 4
Official
Referees : Dwyer Gord and StPierre Justin
Linesman : Scott Cherrey and Darren Gibbs
Game Notes
No Game Note
Finance
Level 1 -- Attendance: 4581 (76.35%) -- Ticket Income $426,033
Level 2 -- Attendance: 3471 (69.42%) -- Ticket Income $201,318
Level 3 -- Attendance: 1514 (75.70%) -- Ticket Income $56,018
Level 4 -- Attendance: 2872 (71.80%) -- Ticket Income $74,672
Luxury Box -- Attendance: 745 (74.50%) -- Ticket Income $128,885
Game was played at the Rexall Place.
Total Attendance: 13183 (73.24%)
Total Ticket Income: $886,926
Other Income: $133,039
Total Income: $1,019,965
Senateurs
5 vs 5 Forward
Center Left Wing Right Wing Time % Phy DF OF
1 Gilbert Brule Thomas Vanek Johan Franzen 40 1 2 2
2 Brad Richards Brenden Morrow B.J. Crombeen 30 1 2 2
3 Brandon Dubinsky Ryan Bayda Milan Hejduk 20 1 2 2
4 Mike Fisher Darcy Hordichuk George Parros 10 1 2 2
5 vs 5 Defense
Defense Defense Time % Phy DF OF
1 Kurtis Foster Dan Hamhuis 40 1 2 2
2 Vitaly Vishnevsky Carlo Colaiacovo 30 1 2 2
3 Dan Girardi Richard Jackman 20 1 2 2
4 Kurtis Foster Dan Hamhuis 10 1 2 2
PowerPlay Forward
Center Left Wing Right Wing Time % Phy DF OF
1 Gilbert Brule Thomas Vanek Johan Franzen 60 0 2 3
2 Brad Richards Brenden Morrow B.J. Crombeen 40 0 2 3
PowerPlay Defense
Defense Defense Time % Phy DF OF
1 Kurtis Foster Dan Hamhuis 60 0 2 3
2 Vitaly Vishnevsky Carlo Colaiacovo 40 0 2 3
Penalty Kill 4 Players Forward
Center Wing Time % Phy DF OF
1 Brad Richards Thomas Vanek 60 1 2 2
2 Gilbert Brule Brenden Morrow 40 1 2 2
Penalty Kill 4 Players Defense
Defense Defense Time % Phy DF OF
1 Kurtis Foster Dan Hamhuis 60 1 2 2
2 Vitaly Vishnevsky Carlo Colaiacovo 40 1 2 2
Penalty Kill - 3 Players Forward
Forward Time % Phy DF OF
1 Thomas Vanek 60 1 2 2
2 Brad Richards 40 1 2 2
Penalty Kill - 3 Players Defense
Defense Defense Time % Phy DF OF
1 Kurtis Foster Dan Hamhuis 60 1 2 2
2 Vitaly Vishnevsky Carlo Colaiacovo 40 1 2 2
4 vs 4 Forward
Center Wing Time % Phy DF OF
1 Gilbert Brule Thomas Vanek 60 1 2 2
2 Brad Richards Johan Franzen 40 1 2 2
4 vs 4 Defense
Defense Defense Time % Phy DF OF
1 Kurtis Foster Dan Hamhuis 60 1 2 2
2 Vitaly Vishnevsky Carlo Colaiacovo 40 1 2 2
Last Minutes Offensive
Center Left Wing Right Wing Defense Defense
Brad Richards Thomas Vanek Johan Franzen Kurtis Foster Dan Hamhuis
Last Minutes Defensive
Center Left Wing Right Wing Defense Defense
Brad Richards Thomas Vanek Johan Franzen Kurtis Foster Dan Hamhuis
Goaltenders
Starting : Maxime Daigneault
Backup : Ondrej Pavelec
Extra Forwards
Normal : Darcy Hordichuk, Milan Hejduk, George Parros - PP : Darcy Hordichuk, Milan Hejduk - PK : George Parros
Extra Defensemen
Normal : Dan Girardi, Richard Jackman, Vitaly Vishnevsky - PP : Dan Girardi - PK : Richard Jackman, Vitaly Vishnevsky
Penalty Shots
Thomas Vanek, Brad Richards, Gilbert Brule, Brenden Morrow, Johan Franzen
Scratches
Vladimir Mihalik (Left Foot Injury)
Blackhawks
5 vs 5 Forward
Center Left Wing Right Wing Time % Phy DF OF
1 Derick Brassard Antoine Roussel Patrick Kane 40 1 2 2
2 Jonathan Toews Ryan Hollweg Jason Pominville 30 1 2 2
3 Peter Regin Tomas Fleischmann Chad Larose 20 1 2 2
4 Kyle Brodziak Oleg Saprykin Carson Mcmillan 10 1 2 2
5 vs 5 Defense
Defense Defense Time % Phy DF OF
1 Ian White Joni Pitkanen 40 1 2 2
2 Kurt Sauer Denis Grebeshkov 30 1 2 2
3 Dave Tanabe Ryan O'Byrne 20 1 2 2
4 Ian White Joni Pitkanen 10 1 2 2
PowerPlay Forward
Center Left Wing Right Wing Time % Phy DF OF
1 Derick Brassard Antoine Roussel Patrick Kane 60 1 2 2
2 Jonathan Toews Ryan Hollweg Jason Pominville 40 1 2 2
PowerPlay Defense
Defense Defense Time % Phy DF OF
1 Ian White Joni Pitkanen 60 1 2 2
2 Kurt Sauer Denis Grebeshkov 40 1 2 2
Penalty Kill 4 Players Forward
Center Wing Time % Phy DF OF
1 Patrick Kane Derick Brassard 60 1 2 2
2 Jason Pominville Jonathan Toews 40 1 2 2
Penalty Kill 4 Players Defense
Defense Defense Time % Phy DF OF
1 Ian White Joni Pitkanen 60 1 2 2
2 Kurt Sauer Denis Grebeshkov 40 1 2 2
Penalty Kill - 3 Players Forward
Forward Time % Phy DF OF
1 Patrick Kane 60 1 2 2
2 Derick Brassard 40 1 2 2
Penalty Kill - 3 Players Defense
Defense Defense Time % Phy DF OF
1 Ian White Joni Pitkanen 60 1 2 2
2 Kurt Sauer Denis Grebeshkov 40 1 2 2
4 vs 4 Forward
Center Wing Time % Phy DF OF
1 Patrick Kane Derick Brassard 60 1 2 2
2 Jason Pominville Jonathan Toews 40 1 2 2
4 vs 4 Defense
Defense Defense Time % Phy DF OF
1 Ian White Joni Pitkanen 60 1 2 2
2 Kurt Sauer Denis Grebeshkov 40 1 2 2
Last Minutes Offensive
Center Left Wing Right Wing Defense Defense
Derick Brassard Antoine Roussel Patrick Kane Ian White Joni Pitkanen
Last Minutes Defensive
Center Left Wing Right Wing Defense Defense
Derick Brassard Antoine Roussel Patrick Kane Ian White Joni Pitkanen
Goaltenders
Starting : Jimmy Howard
Backup : Al Montoya
Extra Forwards
Normal : Chad Larose, Tomas Fleischmann, Peter Regin - PP : Chad Larose, Tomas Fleischmann - PK : Peter Regin
Extra Defensemen
Normal : Dave Tanabe, Ryan O'Byrne, Kurt Sauer - PP : Dave Tanabe - PK : Ryan O'Byrne, Kurt Sauer
Penalty Shots
Patrick Kane, Derick Brassard, Jason Pominville, Jonathan Toews, Antoine Roussel
Scratches
None
% Time on Ice - Senateurs
Lines # - Real PCT - Wanted PCT - Time Play
Normal Forward
1 - 36% - 40% - 18:11
2 - 30% - 30% - 14:46
3 - 21% - 20% - 10:41
4 - 13% - 10% - 6:15
Normal Defense
1 - 38% - 40% - 19:03
2 - 30% - 30% - 15:07
3 - 27% - 20% - 13:32
4 - 4% - 10% - 2:11
PP Forward
1 - 68% - 60% - 2:43
2 - 32% - 40% - 1:15
PP Defense
1 - 65% - 60% - 2:34
2 - 35% - 40% - 1:24
PK Forward
1 - 82% - 60% - 5:02
2 - 18% - 40% - 1:07
PK Defense
1 - 60% - 60% - 3:41
2 - 40% - 40% - 2:28
PK3 Forward
1 - 0% - 60%
2 - 0% - 40%
PK3 Defense
1 - 0% - 60%
2 - 0% - 40%
44 Forward
1 - 0% - 60%
2 - 0% - 40%
44 Defense
1 - 0% - 60%
2 - 0% - 40%
Last Minute Offensive - 0:00
Last Minute Defensive - 0:00
Total
Forward - 60:00
Defense - 60:00
|
% Time on Ice - Blackhawks
Lines # - Real PCT - Wanted PCT - Time Play
Normal Forward
1 - 39% - 40% - 19:17
2 - 27% - 30% - 13:34
3 - 21% - 20% - 10:38
4 - 13% - 10% - 6:24
Normal Defense
1 - 42% - 40% - 20:46
2 - 31% - 30% - 15:37
3 - 22% - 20% - 10:53
4 - 5% - 10% - 2:37
PP Forward
1 - 58% - 60% - 3:33
2 - 42% - 40% - 2:36
PP Defense
1 - 59% - 60% - 3:36
2 - 41% - 40% - 2:33
PK Forward
1 - 79% - 60% - 3:09
2 - 21% - 40% - 0:49
PK Defense
1 - 45% - 60% - 1:47
2 - 55% - 40% - 2:11
PK3 Forward
1 - 0% - 60%
2 - 0% - 40%
PK3 Defense
1 - 0% - 60%
2 - 0% - 40%
44 Forward
1 - 0% - 60%
2 - 0% - 40%
44 Defense
1 - 0% - 60%
2 - 0% - 40%
Last Minute Offensive - 0:00
Last Minute Defensive - 0:00
Total
Forward - 60:00
Defense - 60:00
|
Play by Play
1st period
0:01 of 1st period - Gilbert Brule wins face-off versus Derick Brassard in neutral zone.
0:14 of 1st period - Wrist shot by Gilbert Brule.
0:14 of 1st period - Shot Misses the Net.
0:16 of 1st period - Wrist shot by Johan Franzen.
0:16 of 1st period - Stopped by Jimmy Howard with a rebound.
0:37 of 1st period - Slapshot by Ryan Hollweg.
0:37 of 1st period - Stopped by Maxime Daigneault with a rebound.
0:39 of 1st period - Minor Penalty to B.J. Crombeen for Hooking.
0:40 of 1st period - Brad Richards wins face-off versus Derick Brassard in Senateurs zone.
1:38 of 1st period - Slapshot by Brad Richards.
1:38 of 1st period - Stopped by Jimmy Howard with a rebound.
2:39 of 1st period - Penalty to B.J. Crombeen is over, B.J. Crombeen is back on ice.
2:58 of 1st period - Dan Girardi is hit by Peter Regin and loses puck.
3:27 of 1st period - Ryan Bayda is hit by Tomas Fleischmann and loses puck.
3:38 of 1st period - Ian White is hit by Johan Franzen and loses puck.
4:35 of 1st period - Brandon Dubinsky is hit by Derick Brassard and loses puck.
4:56 of 1st period - Dave Tanabe is hit by Kurtis Foster and loses puck.
5:07 of 1st period - Wrist shot by Brad Richards.
5:07 of 1st period - Stopped by Jimmy Howard without a rebound.
5:08 of 1st period - Kyle Brodziak wins face-off versus Brad Richards in Blackhawks zone.
5:33 of 1st period - Patrick Kane is hit by Kurtis Foster and loses puck.
6:07 of 1st period - Off-side.
6:08 of 1st period - Derick Brassard wins face-off versus Brad Richards in neutral zone.
6:17 of 1st period - Ian White is hit by Brenden Morrow and loses puck.
6:32 of 1st period - Ryan Hollweg is hit by Johan Franzen and loses puck.
6:39 of 1st period - Wrist shot by Johan Franzen.
6:39 of 1st period - Stopped by Jimmy Howard with a rebound.
6:41 of 1st period - Slapshot by Richard Jackman.
6:41 of 1st period - Shot Misses the Net.
6:43 of 1st period - Wrist shot by Thomas Vanek.
6:43 of 1st period - Stopped by Jimmy Howard with a rebound.
6:45 of 1st period - Wrist shot by Gilbert Brule.
6:45 of 1st period - Shot Misses the Net.
7:25 of 1st period - Mike Fisher is hit by Kurt Sauer and loses puck.
7:44 of 1st period - Snap shot by Brenden Morrow.
7:44 of 1st period - Shot Blocked by Denis Grebeshkov.
7:46 of 1st period - Wrist shot by Brad Richards.
7:46 of 1st period - Deflect By Brenden Morrow.
7:46 of 1st period - Stopped by Jimmy Howard with a rebound.
7:48 of 1st period - Slapshot by Carlo Colaiacovo.
7:48 of 1st period - Stopped by Jimmy Howard without a rebound.
7:49 of 1st period - Jonathan Toews wins face-off versus Gilbert Brule in Blackhawks zone.
8:05 of 1st period - Wrist shot by Johan Franzen.
8:05 of 1st period - Stopped by Jimmy Howard without a rebound.
8:06 of 1st period - Brad Richards wins face-off versus Derick Brassard in Blackhawks zone.
8:31 of 1st period - Dan Hamhuis is hit by Jonathan Toews and loses puck.
8:42 of 1st period - Slapshot by Jonathan Toews.
8:42 of 1st period - Shot Misses the Net.
8:59 of 1st period - Slapshot by Tomas Fleischmann.
8:59 of 1st period - Stopped by Maxime Daigneault with a rebound.
9:01 of 1st period - Snap shot by Chad Larose.
9:01 of 1st period - Deflect By Peter Regin.
9:01 of 1st period - Shot Misses the Net.
9:01 of 1st period - Puck is out of play.
9:02 of 1st period - Brad Richards wins face-off versus Derick Brassard in Senateurs zone.
9:02 of 1st period - Brad Richards is hit by Antoine Roussel.
9:28 of 1st period - Denis Grebeshkov is hit by Dan Hamhuis and loses puck.
9:52 of 1st period - Backhand shot by Ryan Hollweg.
9:52 of 1st period - Deflect By Gilbert Brule.
9:52 of 1st period - Shot Misses the Net.
9:52 of 1st period - Puck is out of play.
9:53 of 1st period - Thomas Vanek wins face-off versus Jonathan Toews in Senateurs zone.
10:00 of 1st period - Snap shot by Jason Pominville.
10:00 of 1st period - Shot Misses the Net.
10:02 of 1st period - Snap shot by Jonathan Toews.
10:02 of 1st period - Deflect By Ryan Hollweg.
10:02 of 1st period - Shot Misses the Net.
10:02 of 1st period - Puck is out of play.
10:03 of 1st period - Peter Regin wins face-off versus Gilbert Brule in Senateurs zone.
10:32 of 1st period - Snap shot by Brenden Morrow.
10:32 of 1st period - Shot Misses the Net.
11:15 of 1st period - Slapshot by Vitaly Vishnevsky.
11:15 of 1st period - Stopped by Jimmy Howard without a rebound.
11:16 of 1st period - Peter Regin wins face-off versus George Parros in Blackhawks zone.
11:47 of 1st period - Off-side.
11:48 of 1st period - Derick Brassard wins face-off versus Gilbert Brule in neutral zone.
11:55 of 1st period - Snap shot by Antoine Roussel.
11:55 of 1st period - Goal by Antoine Roussel - Senateurs : 0 - Blackhawks : 1.
11:56 of 1st period - Derick Brassard wins face-off versus Thomas Vanek in neutral zone.
12:05 of 1st period - Dan Hamhuis is hit by Patrick Kane.
12:56 of 1st period - Wrist shot by Gilbert Brule.
12:56 of 1st period - Stopped by Jimmy Howard with a rebound.
13:08 of 1st period - Snap shot by Gilbert Brule.
13:08 of 1st period - Stopped by Jimmy Howard with a rebound.
13:10 of 1st period - Slapshot by Dan Hamhuis.
13:10 of 1st period - Shot Misses the Net.
13:16 of 1st period - Snap shot by Gilbert Brule.
13:16 of 1st period - Shot Blocked by Peter Regin.
13:18 of 1st period - Slapshot by Kurtis Foster.
13:18 of 1st period - Stopped by Jimmy Howard without a rebound.
13:19 of 1st period - Brad Richards wins face-off versus Derick Brassard in Blackhawks zone.
13:50 of 1st period - Snap shot by Joni Pitkanen.
13:50 of 1st period - Deflect By Ryan Hollweg.
13:50 of 1st period - Stopped by Maxime Daigneault without a rebound.
13:51 of 1st period - Jonathan Toews wins face-off versus Brandon Dubinsky in Senateurs zone.
14:18 of 1st period - Snap shot by Jonathan Toews.
14:18 of 1st period - Stopped by Maxime Daigneault with a rebound.
14:20 of 1st period - Snap shot by Jonathan Toews.
14:20 of 1st period - Shot Blocked by Richard Jackman.
14:29 of 1st period - Off-side.
14:30 of 1st period - Derick Brassard wins face-off versus Brad Richards in neutral zone.
14:35 of 1st period - Snap shot by Patrick Kane.
14:35 of 1st period - Deflect By Derick Brassard.
14:35 of 1st period - Shot Blocked by Brenden Morrow.
14:35 of 1st period - Puck is out of play.
14:36 of 1st period - Brad Richards wins face-off versus Derick Brassard in Senateurs zone.
14:49 of 1st period - Wrist shot by Patrick Kane.
14:49 of 1st period - Deflect By Antoine Roussel.
14:49 of 1st period - Shot Blocked by Kurtis Foster.
14:49 of 1st period - Puck is out of play.
14:50 of 1st period - Derick Brassard wins face-off versus Gilbert Brule in Senateurs zone.
15:17 of 1st period - George Parros is hit by Ian White and loses puck.
15:35 of 1st period - Dan Hamhuis is hit by Ryan O'Byrne and loses puck.
15:40 of 1st period - Snap shot by Brenden Morrow.
15:40 of 1st period - Shot Blocked by Dave Tanabe.
15:42 of 1st period - Backhand shot by Brad Richards.
15:42 of 1st period - Shot Blocked by Dave Tanabe.
15:44 of 1st period - Snap shot by Brenden Morrow.
15:44 of 1st period - Stopped by Jimmy Howard with a rebound.
16:08 of 1st period - Slapshot by Milan Hejduk.
16:08 of 1st period - Shot Misses the Net.
16:10 of 1st period - Slapshot by Vitaly Vishnevsky.
16:10 of 1st period - Stopped by Jimmy Howard with a rebound.
16:48 of 1st period - Slapshot by Vitaly Vishnevsky.
16:48 of 1st period - Deflect By Jason Pominville.
16:48 of 1st period - Stopped by Jimmy Howard without a rebound.
16:49 of 1st period - Brad Richards wins face-off versus Jason Pominville in Blackhawks zone.
17:14 of 1st period - Derick Brassard is hit by Thomas Vanek and loses puck.
18:41 of 1st period - Snap shot by Patrick Kane.
18:41 of 1st period - Stopped by Maxime Daigneault with a rebound.
18:48 of 1st period - Off-side.
18:49 of 1st period - Gilbert Brule wins face-off versus Derick Brassard in neutral zone.
18:55 of 1st period - Icing by Ian White.
18:56 of 1st period - Derick Brassard wins face-off versus Gilbert Brule in Blackhawks zone.
19:34 of 1st period - Snap shot by Derick Brassard.
19:34 of 1st period - Shot Hit the Post.
19:36 of 1st period - Slapshot by Joni Pitkanen.
19:36 of 1st period - Shot Blocked by Johan Franzen.
19:38 of 1st period - Snap shot by Ian White.
19:38 of 1st period - Deflect By Patrick Kane.
19:38 of 1st period - Goal by Patrick Kane - Senateurs : 0 - Blackhawks : 2.
19:39 of 1st period - Jonathan Toews wins face-off versus Brad Richards in neutral zone.
19:52 of 1st period - Wrist shot by Brad Richards.
19:52 of 1st period - Shot Misses the Net.
Goals for this period are 0 for Senateurs vs 2 for Blackhawks.
Shots for this period are 15 for Senateurs vs 7 for Blackhawks.
2nd period
0:01 of 2nd period - Derick Brassard wins face-off versus Gilbert Brule in neutral zone.
0:14 of 2nd period - Snap shot by Antoine Roussel.
0:14 of 2nd period - Shot Blocked by Kurtis Foster.
0:16 of 2nd period - Slapshot by Joni Pitkanen.
0:16 of 2nd period - Stopped by Maxime Daigneault with a rebound.
1:09 of 2nd period - Dave Tanabe is hit by Mike Fisher and loses puck.
1:50 of 2nd period - Slapshot by Dan Hamhuis.
1:50 of 2nd period - Deflect By B.J. Crombeen.
1:50 of 2nd period - Shot Misses the Net.
1:50 of 2nd period - Puck is out of play.
1:51 of 2nd period - Brad Richards wins face-off versus Jason Pominville in Blackhawks zone.
2:04 of 2nd period - Snap shot by Jason Pominville.
2:04 of 2nd period - Shot Misses the Net.
2:16 of 2nd period - Wrist shot by Jason Pominville.
2:16 of 2nd period - Stopped by Maxime Daigneault with a rebound.
2:18 of 2nd period - Snap shot by Jason Pominville.
2:18 of 2nd period - Stopped by Maxime Daigneault without a rebound.
2:19 of 2nd period - Gilbert Brule wins face-off versus Derick Brassard in Senateurs zone.
2:28 of 2nd period - Wrist shot by Johan Franzen.
2:28 of 2nd period - Stopped by Jimmy Howard with a rebound.
2:30 of 2nd period - Snap shot by Gilbert Brule.
2:30 of 2nd period - Shot Blocked by Antoine Roussel.
2:32 of 2nd period - Snap shot by Gilbert Brule.
2:32 of 2nd period - Stopped by Jimmy Howard without a rebound.
2:33 of 2nd period - Gilbert Brule wins face-off versus Derick Brassard in Blackhawks zone.
2:48 of 2nd period - Snap shot by Thomas Vanek.
2:48 of 2nd period - Stopped by Jimmy Howard without a rebound.
2:49 of 2nd period - Brad Richards wins face-off versus Jonathan Toews in Blackhawks zone.
2:56 of 2nd period - Ian White is hit by Vitaly Vishnevsky and loses puck.
3:03 of 2nd period - Wrist shot by Brenden Morrow.
3:03 of 2nd period - Stopped by Jimmy Howard without a rebound.
3:04 of 2nd period - Derick Brassard wins face-off versus Gilbert Brule in Blackhawks zone.
3:04 of 2nd period - Derick Brassard is hit by Gilbert Brule.
3:16 of 2nd period - Slapshot by Derick Brassard.
3:16 of 2nd period - Shot Misses the Net.
3:18 of 2nd period - Snap shot by Joni Pitkanen.
3:18 of 2nd period - Stopped by Maxime Daigneault with a rebound.
3:20 of 2nd period - Wrist shot by Derick Brassard.
3:20 of 2nd period - Stopped by Maxime Daigneault without a rebound.
3:21 of 2nd period - Jonathan Toews wins face-off versus Brad Richards in Senateurs zone.
3:24 of 2nd period - Wrist shot by Jason Pominville.
3:24 of 2nd period - Shot Blocked by Kurtis Foster.
3:26 of 2nd period - Snap shot by Joni Pitkanen.
3:26 of 2nd period - Shot Misses the Net.
3:28 of 2nd period - Slapshot by Joni Pitkanen.
3:28 of 2nd period - Shot Blocked by Kurtis Foster.
3:30 of 2nd period - Slapshot by Joni Pitkanen.
3:30 of 2nd period - Stopped by Maxime Daigneault with a rebound.
4:04 of 2nd period - Icing by Brad Richards.
4:05 of 2nd period - Derick Brassard wins face-off versus Brad Richards in Senateurs zone.
5:40 of 2nd period - Snap shot by Patrick Kane.
5:40 of 2nd period - Stopped by Maxime Daigneault with a rebound.
6:41 of 2nd period - Wrist shot by Patrick Kane.
6:41 of 2nd period - Stopped by Maxime Daigneault with a rebound.
6:47 of 2nd period - Kurt Sauer is hit by Brad Richards and loses puck.
7:56 of 2nd period - Antoine Roussel is hit by Brad Richards and loses puck.
8:09 of 2nd period - Wrist shot by Brad Richards.
8:09 of 2nd period - Shot Misses the Net.
8:21 of 2nd period - Patrick Kane is hit by Brad Richards.
8:25 of 2nd period - Snap shot by Brad Richards.
8:25 of 2nd period - Stopped by Jimmy Howard without a rebound.
8:26 of 2nd period - Jonathan Toews wins face-off versus Gilbert Brule in Blackhawks zone.
8:37 of 2nd period - Wrist shot by Jason Pominville.
8:37 of 2nd period - Stopped by Maxime Daigneault with a rebound.
8:41 of 2nd period - Wrist shot by Ryan Hollweg.
8:41 of 2nd period - Stopped by Maxime Daigneault without a rebound.
8:42 of 2nd period - Peter Regin wins face-off versus Brandon Dubinsky in Senateurs zone.
8:57 of 2nd period - Snap shot by Peter Regin.
8:57 of 2nd period - Stopped by Maxime Daigneault without a rebound.
8:58 of 2nd period - Jonathan Toews wins face-off versus Gilbert Brule in Senateurs zone.
9:25 of 2nd period - Carlo Colaiacovo is hit by Ryan Hollweg and loses puck.
9:34 of 2nd period - Snap shot by Ryan Hollweg.
9:34 of 2nd period - Stopped by Maxime Daigneault without a rebound.
9:35 of 2nd period - Chad Larose wins face-off versus Brandon Dubinsky in Senateurs zone.
9:38 of 2nd period - Wrist shot by Peter Regin.
9:38 of 2nd period - Shot Blocked by Milan Hejduk.
9:49 of 2nd period - Icing by Dan Hamhuis.
9:50 of 2nd period - Oleg Saprykin wins face-off versus Brandon Dubinsky in Senateurs zone.
9:53 of 2nd period - Snap shot by Oleg Saprykin.
9:53 of 2nd period - Shot Misses the Net.
10:28 of 2nd period - Kurtis Foster is hit by Peter Regin and loses puck.
10:43 of 2nd period - Slapshot by Thomas Vanek.
10:43 of 2nd period - Stopped by Jimmy Howard without a rebound.
10:44 of 2nd period - Gilbert Brule wins face-off versus Jonathan Toews in Blackhawks zone.
10:53 of 2nd period - Wrist shot by Jonathan Toews.
10:53 of 2nd period - Shot Misses the Net.
11:16 of 2nd period - Wrist shot by Peter Regin.
11:16 of 2nd period - Shot Blocked by Carlo Colaiacovo.
11:19 of 2nd period - Icing by Carlo Colaiacovo.
11:20 of 2nd period - Mike Fisher wins face-off versus Jonathan Toews in Senateurs zone.
11:31 of 2nd period - Wrist shot by Ryan Hollweg.
11:31 of 2nd period - Goal by Ryan Hollweg - Senateurs : 0 - Blackhawks : 3.
11:32 of 2nd period - Jonathan Toews wins face-off versus Gilbert Brule in neutral zone.
11:35 of 2nd period - Wrist shot by Ian White.
11:35 of 2nd period - Stopped by Maxime Daigneault with a rebound.
12:07 of 2nd period - Snap shot by Milan Hejduk.
12:07 of 2nd period - Shot Misses the Net.
12:13 of 2nd period - Minor Penalty to Joni Pitkanen for Holding.
12:14 of 2nd period - Gilbert Brule wins face-off versus Patrick Kane in Blackhawks zone.
12:17 of 2nd period - Snap shot by Johan Franzen.
12:17 of 2nd period - Shot Blocked by Derick Brassard.
13:07 of 2nd period - Jonathan Toews is hit by George Parros and loses puck.
14:13 of 2nd period - Penalty to Joni Pitkanen is over, Joni Pitkanen is back on ice.
14:17 of 2nd period - Snap shot by George Parros.
14:17 of 2nd period - Shot Misses the Net.
14:45 of 2nd period - Carson Mcmillan is hit by Darcy Hordichuk and loses puck.
15:19 of 2nd period - Wrist shot by Jason Pominville.
15:19 of 2nd period - Shot Hit the Post.
16:50 of 2nd period - Kurtis Foster is hit by Tomas Fleischmann.
17:10 of 2nd period - Ryan Hollweg is hit by Ryan Bayda and loses puck.
17:31 of 2nd period - Wrist shot by Patrick Kane.
17:31 of 2nd period - Stopped by Maxime Daigneault without a rebound.
17:32 of 2nd period - Mike Fisher wins face-off versus Kyle Brodziak in Senateurs zone.
18:15 of 2nd period - Wrist shot by Ryan Bayda.
18:15 of 2nd period - Stopped by Jimmy Howard without a rebound.
18:16 of 2nd period - Brandon Dubinsky wins face-off versus Jonathan Toews in Blackhawks zone.
18:19 of 2nd period - Snap shot by Ryan Bayda.
18:19 of 2nd period - Deflect By Joni Pitkanen.
18:19 of 2nd period - Stopped by Jimmy Howard without a rebound.
18:20 of 2nd period - Brandon Dubinsky wins face-off versus Jonathan Toews in Blackhawks zone.
18:21 of 2nd period - Snap shot by Milan Hejduk.
18:21 of 2nd period - Goal by Milan Hejduk - Senateurs : 1 - Blackhawks : 3.
18:22 of 2nd period - Gilbert Brule wins face-off versus Jonathan Toews in neutral zone.
18:48 of 2nd period - Milan Hejduk is hit by Derick Brassard.
18:58 of 2nd period - Wrist shot by Patrick Kane.
18:58 of 2nd period - Shot Misses the Net.
19:00 of 2nd period - Backhand shot by Derick Brassard.
19:00 of 2nd period - Stopped by Maxime Daigneault with a rebound.
19:20 of 2nd period - Slapshot by Darcy Hordichuk.
19:20 of 2nd period - Shot Misses the Net.
19:22 of 2nd period - Wrist shot by Mike Fisher.
19:22 of 2nd period - Goal by Mike Fisher - Senateurs : 2 - Blackhawks : 3.
19:23 of 2nd period - Jonathan Toews wins face-off versus Gilbert Brule in neutral zone.
19:23 of 2nd period - Jonathan Toews is hit by Gilbert Brule.
19:49 of 2nd period - Patrick Kane is hit by Ryan Bayda and loses puck.
Goals for this period are 2 for Senateurs vs 1 for Blackhawks.
Shots for this period are 10 for Senateurs vs 16 for Blackhawks.
3rd period
0:01 of 3rd period - Derick Brassard wins face-off versus Gilbert Brule in neutral zone.
0:53 of 3rd period - Slapshot by B.J. Crombeen.
0:53 of 3rd period - Shot Blocked by Dave Tanabe.
0:55 of 3rd period - Wrist shot by Dan Girardi.
0:55 of 3rd period - Stopped by Jimmy Howard without a rebound.
0:56 of 3rd period - Derick Brassard wins face-off versus Brad Richards in Blackhawks zone.
1:01 of 3rd period - Snap shot by Brenden Morrow.
1:01 of 3rd period - Stopped by Jimmy Howard with a rebound.
1:26 of 3rd period - Off-side.
1:27 of 3rd period - Gilbert Brule wins face-off versus Derick Brassard in neutral zone.
1:40 of 3rd period - Wrist shot by Johan Franzen.
1:40 of 3rd period - Shot Misses the Net.
1:58 of 3rd period - Snap shot by Dan Hamhuis.
1:58 of 3rd period - Shot Blocked by Jason Pominville.
2:00 of 3rd period - Slapshot by Dan Hamhuis.
2:00 of 3rd period - Deflect By Jonathan Toews.
2:00 of 3rd period - Stopped by Jimmy Howard without a rebound.
2:01 of 3rd period - Jonathan Toews wins face-off versus Gilbert Brule in Blackhawks zone.
2:08 of 3rd period - Wrist shot by Jonathan Toews.
2:08 of 3rd period - Stopped by Maxime Daigneault with a rebound.
2:12 of 3rd period - Snap shot by Jason Pominville.
2:12 of 3rd period - Stopped by Maxime Daigneault with a rebound.
2:14 of 3rd period - Snap shot by Jason Pominville.
2:14 of 3rd period - Stopped by Maxime Daigneault without a rebound.
2:15 of 3rd period - Derick Brassard wins face-off versus Gilbert Brule in Senateurs zone.
2:16 of 3rd period - Backhand shot by Patrick Kane.
2:16 of 3rd period - Stopped by Maxime Daigneault with a rebound.
2:40 of 3rd period - Kurtis Foster is hit by Jason Pominville and loses puck.
2:49 of 3rd period - Slapshot by Vitaly Vishnevsky.
2:49 of 3rd period - Stopped by Jimmy Howard with a rebound.
3:18 of 3rd period - Brad Richards is hit by Denis Grebeshkov and loses puck.
3:29 of 3rd period - Kyle Brodziak is hit by Johan Franzen and loses puck.
4:47 of 3rd period - Minor Penalty to Gilbert Brule for Roughing.
4:48 of 3rd period - Derick Brassard wins face-off versus Brad Richards in Senateurs zone.
6:47 of 3rd period - Penalty to Gilbert Brule is over, Gilbert Brule is back on ice.
7:01 of 3rd period - Wrist shot by Ryan Bayda.
7:01 of 3rd period - Shot Misses the Net.
7:24 of 3rd period - Joni Pitkanen is hit by Thomas Vanek and loses puck.
8:11 of 3rd period - Dave Tanabe is hit by Johan Franzen and loses puck.
9:17 of 3rd period - Brenden Morrow is hit by Denis Grebeshkov.
9:28 of 3rd period - Minor Penalty to Brad Richards for Hooking.
9:29 of 3rd period - George Parros wins face-off versus Derick Brassard in Senateurs zone.
9:37 of 3rd period - Off-side.
9:38 of 3rd period - George Parros wins face-off versus Derick Brassard in neutral zone.
10:41 of 3rd period - Snap shot by Patrick Kane.
10:41 of 3rd period - Stopped by Maxime Daigneault without a rebound.
10:42 of 3rd period - Jonathan Toews wins face-off versus George Parros in Senateurs zone.
10:47 of 3rd period - Slapshot by Jonathan Toews.
10:47 of 3rd period - Stopped by Maxime Daigneault with a rebound.
10:49 of 3rd period - Snap shot by Jonathan Toews.
10:49 of 3rd period - Stopped by Maxime Daigneault without a rebound.
10:50 of 3rd period - George Parros wins face-off versus Jonathan Toews in Senateurs zone.
11:21 of 3rd period - Slapshot by Vitaly Vishnevsky.
11:21 of 3rd period - Stopped by Jimmy Howard without a rebound.
11:22 of 3rd period - Derick Brassard wins face-off versus Brandon Dubinsky in Blackhawks zone.
11:28 of 3rd period - Penalty to Brad Richards is over, Brad Richards is back on ice.
11:29 of 3rd period - Carlo Colaiacovo is hit by Derick Brassard and loses puck.
11:46 of 3rd period - Carlo Colaiacovo is hit by Tomas Fleischmann and loses puck.
11:53 of 3rd period - Wrist shot by Vitaly Vishnevsky.
11:53 of 3rd period - Shot Blocked by Ian White.
11:55 of 3rd period - Snap shot by Brandon Dubinsky.
11:55 of 3rd period - Shot Blocked by Joni Pitkanen.
12:13 of 3rd period - Kurtis Foster is hit by Ian White and loses puck.
12:30 of 3rd period - Wrist shot by Tomas Fleischmann.
12:30 of 3rd period - Shot Misses the Net.
12:40 of 3rd period - Slapshot by Ian White.
12:40 of 3rd period - Stopped by Maxime Daigneault with a rebound.
12:57 of 3rd period - Slapshot by Dan Hamhuis.
12:57 of 3rd period - Deflect By Brenden Morrow.
12:57 of 3rd period - Stopped by Jimmy Howard without a rebound.
12:58 of 3rd period - Derick Brassard wins face-off versus Gilbert Brule in Blackhawks zone.
12:58 of 3rd period - Derick Brassard is hit by Thomas Vanek.
13:04 of 3rd period - Snap shot by Patrick Kane.
13:04 of 3rd period - Stopped by Maxime Daigneault with a rebound.
13:06 of 3rd period - Slapshot by Kurt Sauer.
13:06 of 3rd period - Shot Misses the Net.
13:10 of 3rd period - Snap shot by Antoine Roussel.
13:10 of 3rd period - Stopped by Maxime Daigneault with a rebound.
13:38 of 3rd period - Slapshot by Kurt Sauer.
13:38 of 3rd period - Deflect By Oleg Saprykin.
13:38 of 3rd period - Shot Misses the Net.
13:38 of 3rd period - Puck is out of play.
13:39 of 3rd period - Derick Brassard wins face-off versus Mike Fisher in Senateurs zone.
13:42 of 3rd period - Wrist shot by Patrick Kane.
13:42 of 3rd period - Stopped by Maxime Daigneault without a rebound.
13:43 of 3rd period - Derick Brassard wins face-off versus Mike Fisher in Senateurs zone.
13:56 of 3rd period - Slapshot by Carlo Colaiacovo.
13:56 of 3rd period - Shot Blocked by Dave Tanabe.
13:58 of 3rd period - Wrist shot by George Parros.
13:58 of 3rd period - Stopped by Jimmy Howard without a rebound.
13:59 of 3rd period - Gilbert Brule wins face-off versus Jonathan Toews in Blackhawks zone.
14:04 of 3rd period - Wrist shot by Thomas Vanek.
14:04 of 3rd period - Stopped by Jimmy Howard without a rebound.
14:05 of 3rd period - Gilbert Brule wins face-off versus Jonathan Toews in Blackhawks zone.
14:45 of 3rd period - Icing by Antoine Roussel.
14:46 of 3rd period - Gilbert Brule wins face-off versus Patrick Kane in Blackhawks zone.
15:17 of 3rd period - Carlo Colaiacovo is hit by Chad Larose and loses puck.
15:38 of 3rd period - Slapshot by Brenden Morrow.
15:38 of 3rd period - Shot Misses the Net.
15:52 of 3rd period - Minor Penalty to Ryan Hollweg for Holding.
15:53 of 3rd period - Gilbert Brule wins face-off versus Patrick Kane in Blackhawks zone.
16:07 of 3rd period - Off-side.
16:08 of 3rd period - Patrick Kane wins face-off versus Gilbert Brule in neutral zone.
16:13 of 3rd period - Snap shot by Derick Brassard.
16:13 of 3rd period - Stopped by Maxime Daigneault with a rebound.
16:15 of 3rd period - Slapshot by Patrick Kane.
16:15 of 3rd period - Stopped by Maxime Daigneault without a rebound.
16:16 of 3rd period - Thomas Vanek wins face-off versus Patrick Kane in Senateurs zone.
16:21 of 3rd period - Wrist shot by Gilbert Brule.
16:21 of 3rd period - Deflect By Johan Franzen.
16:21 of 3rd period - Stopped by Jimmy Howard without a rebound.
16:22 of 3rd period - Patrick Kane wins face-off versus Gilbert Brule in Blackhawks zone.
17:52 of 3rd period - Penalty to Ryan Hollweg is over, Ryan Hollweg is back on ice.
18:03 of 3rd period - Wrist shot by Jonathan Toews.
18:03 of 3rd period - Shot Misses the Net.
18:09 of 3rd period - Minor Penalty to Ryan Bayda for High sticking.
18:10 of 3rd period - Derick Brassard wins face-off versus Brad Richards in Senateurs zone.
18:19 of 3rd period - Snap shot by Patrick Kane.
18:19 of 3rd period - Shot Misses the Net.
18:21 of 3rd period - Wrist shot by Patrick Kane.
18:21 of 3rd period - Goal by Patrick Kane - Senateurs : 2 - Blackhawks : 4.
18:22 of 3rd period - Brandon Dubinsky wins face-off versus Peter Regin in neutral zone.
18:29 of 3rd period - Slapshot by Milan Hejduk.
18:29 of 3rd period - Stopped by Jimmy Howard with a rebound.
Goals for this period are 0 for Senateurs vs 1 for Blackhawks.
Shots for this period are 10 for Senateurs vs 14 for Blackhawks.
Back to the Top